 Dungeon Crawl Stone Soup version 0.29.1 (webtiles) character file.

Game seed: 2812537518467475160

282246 avis the Brawler (level 19, -8/160 HPs)
             Began as a Demigod Transmuter on Sept 10, 2022.
             Mangled by a +0 glaive of holy wrath (16 damage)
             ... on level 2 of the Elven Halls on Sept 13, 2022.
             The game lasted 05:32:05 (46514 turns).

avis the Brawler (Demigod Transmuter)              Turns: 46514, Time: 05:32:05

Health: -8/160     AC: 11    Str: 17    XL:     19   Next: 0%
Magic:  38/38      EV: 29    Int: 45    God:
Gold:   1585       SH:  0    Dex: 22    Spells: 10/38 levels left

rFire   + . .      SeeInvis .     - Unarmed
rCold   . . .      Faith    .   (shield currently unavailable)
rNeg    + . .      Spirit   .   (body armour currently unavailable)
rPois   ∞          Reflect  .   (helmet currently unavailable)
rElec   +          Harm     .   (cloak currently unavailable)
rCorr   .          Rampage  .   (gloves currently unavailable)
Will    +....      Clarity  +   (boots currently unavailable)
Stlth   ++........              m - amulet of regeneration
HPRegen 1.16/turn               d - ring "Qamong" {*Corrode rF+ rN+ Int+5 Slay+4}
MPRegen 0.26/turn               V - ring of Onual {rPois Int+5 Dex+6}

@: storm-form (expiring), corroded, blinkbolt cooldown, flying, studying
Polearms
A: cleaving, insubstantial, flying, high MP 1, forlorn, divine attributes,
clarity, clever 2
}: 2/15 runes: barnacled, gossamer
a: Blinkbolt, End Transformation


You were on level 2 of the Elven Halls.
You were a lightning-filled tempest!
You visited 7 branches of the dungeon, and saw 31 of its levels.
You also visited: Bailey, Ice Cave and Volcano.

You collected 3786 gold pieces.
You spent 2201 gold pieces at shops.

Inventory:

Hand Weapons
 w - the +9 staff of Wucad Mu {*channel}
   (You found it on level 1 of the Spider Nest)

   It occasionally powers its wielder's spells, but with a chance of causing
   confusion or draining the wielder's intelligence.
   It becomes more likely to activate and less likely to backfire with increased
   Evocations skill.
Missiles
 y - 5 throwing nets
Armour
 j - a +2 hat of willpower (melded)
 k - +6 acid dragon scales (melded)
 s - an orb of energy
 H - the +5 pair of boots "Xuov" (melded) {Regen+ Int+2}
   (You found it on level 3 of the Shoals)

   Int:       It affects your intelligence (+2).
   Regen:     It increases your rate of health regeneration.
 I - the +1 pair of gloves "Emycritu" (melded) {rC+ Int+3}
   (You acquired it on level 7 of the Dungeon)

   Int:       It affects your intelligence (+3).
   rC:        It protects you from cold.
 N - a scarf of resistance (melded)
Jewellery
 d - the ring "Qamong" (left fist) {*Corrode rF+ rN+ Int+5 Slay+4}
   (You acquired it on level 1 of the Lair of Beasts)

   [ring of slaying]

   Int:       It affects your intelligence (+5).
   Slay:      It affects your accuracy & damage with ranged weapons and melee
   (+4).
   rF:        It protects you from fire.
   rN:        It protects you from negative energy.
   *Corrode:  It may corrode you when you take damage.
 h - the ring of Yvesogaq {Will+ rCorr EV+4 Str+2 Dex+5}
   (You found it on level 3 of the Shoals)

   [ring of evasion]

   EV:        It affects your evasion (+4).
   Str:       It affects your strength (+2).
   Dex:       It affects your dexterity (+5).
   rCorr:     It protects you from acid and corrosion.
   Will:      It increases your willpower.
 m - an amulet of regeneration (around neck)
 M - a ring of willpower
 V - the ring of Onual (right fist) {rPois Int+5 Dex+6}
   (You bought it in a shop on level 2 of the Orcish Mines)

   [ring of poison resistance]

   Int:       It affects your intelligence (+5).
   Dex:       It affects your dexterity (+6).
   rPois:     It protects you from poison.
Wands
 a - a wand of polymorph (16)
 b - a wand of iceblast (4)
 g - a wand of flame (78)
 o - a wand of mindburst (2)
 r - a wand of acid (28)
 u - a wand of digging (15)
 D - a wand of charming (5)
Scrolls
 i - a scroll of silence
 l - a scroll of magic mapping
 t - 9 scrolls of teleportation
 C - 3 scrolls of poison
 G - 4 scrolls of fear
 J - 2 scrolls of identify
 L - a scroll of brand weapon
 R - 4 scrolls of blinking
 T - 8 scrolls of fog
Potions
 c - 7 potions of brilliance
 e - 8 potions of haste
 f - 8 potions of flight
 n - 6 potions of resistance
 p - a potion of heal wounds
 q - 5 potions of might
 x - 12 potions of curing
 A - 3 potions of berserk rage
 B - 10 potions of ambrosia
 E - 2 potions of magic
 F - 8 potions of invisibility
 K - a potion of cancellation
 S - 3 potions of mutation
Miscellaneous
 v - a box of beasts
 z - a condenser vane


   Skills:
 - Level 12.0 Fighting
 - Level 5.0 Armour
 - Level 10.0 Dodging
 * Level 20.2 Unarmed Combat
 - Level 10.0 Spellcasting
 - Level 10.0 Translocations
 - Level 12.0 Transmutations
 - Level 2.0 Ice Magic
 - Level 12.0 Air Magic
 - Level 1.0 Poison Magic
 - Level 5.0 Evocations


You had 10 spell levels left.
You knew the following spells:

 Your Spells              Type           Power      Damage    Failure   Level
c - Passwall              Tmut/Erth      55%        N/A       1%          2
e - Wereblood             Tmut           92%        N/A       0%          2
p - Spider Form           Tmut/Pois      69%        N/A       1%          3
q - Ice Form              Ice/Tmut       72%        N/A       1%          4
B - Blade Hands           Tmut           46%        N/A       1%          5
M - Manifold Assault      Tloc           85%        N/A       1%          5
S - Storm Form            Tmut/Air       46%        N/A       8%          7

Your spell library contained the following spells:

 Spells                   Type           Power      Damage    Failure   Level
 Beastly Appendage        Tmut           100%       N/A       0%          1
 Freeze                   Ice            100%       1d11      1%          1
 Magic Dart               Conj           88%        1d7       1%          1
 Sandblast                Erth           44%        2d11      1%          1
 Shock                    Conj/Air       100%       1d9       1%          1
 Blink                    Tloc           100%       N/A       1%          2
 Call Imp                 Summ           22%        N/A       1%          2
 Sublimation of Blood     Necr           22%        N/A       1%          2
 Frozen Ramparts          Ice            80%        1d13      1%          3
 Gell's Gravitas          Tloc           85%        N/A       1%          3
 Ignite Poison            Fire/Tmut/Pois 58%        N/A       1%          3
 Lesser Beckoning         Tloc           85%        N/A       1%          3
 Mephitic Cloud           Conj/Pois/Air  57%        N/A       1%          3
 Portal Projectile        Hex/Tloc       100%       N/A       1%          3
 Swiftness                Air            92%        N/A       1%          3
 Teleport Other           Tloc           85%        N/A       1%          3
 Airstrike                Air            46%        2d(7-23)  1%          4
 Iskenderun's Mystic Bla  Conj/Tloc      61%        2d13      1%          4
 Petrify                  Tmut/Erth      67%        N/A       1%          4
 Corpse Rot               Necr/Pois/Air  57%        N/A       2%          4
 Call Canine Familiar     Summ           22%        N/A       3%          3
 Conjure Flame            Conj/Fire      22%        6-21      3%          3
 Stone Arrow              Conj/Erth      44%        3d9       3%          3
 Tukima's Dance           Hex            22%        N/A       3%          3
 Dispersal                Tloc           42%        N/A       3%          6
 Summon Forest            Summ/Tloc      30%        N/A       4%          5
 Hailstorm                Conj/Ice       31%        3d8       9%          4
 Anguish                  Hex/Necr       11%        N/A       12%         4
 Animate Armour           Summ/Erth      44%        N/A       12%         4
 Animate Dead             Necr           22%        N/A       12%         4
 Dispel Undead            Necr           22%        3d12      12%         4
 Leda's Liquefaction      Hex/Erth       11%        N/A       12%         4
 Sticky Flame             Conj/Fire      22%        2d4       12%         4
 Conjure Ball Lightning   Conj/Air       33%        3x3d11    16%         6
 Statue Form              Tmut/Erth      44%        N/A       16%         6
 Metabolic Englaciation   Hex/Ice        15%        N/A       22%         5
 Borgnjor's Vile Clutch   Necr/Erth      11%        N/A       34%         5
 Fireball                 Conj/Fire      11%        3d7       34%         5
 Iskenderun's Battlesphe  Conj           22%        2d8       34%         5
 Lee's Rapid Deconstruct  Erth           11%        3d9*      34%         5
 Summon Mana Viper        Hex/Summ       22%        N/A       34%         5
 Simulacrum               Ice/Necr       15%        N/A       77%         6
 Death Channel            Necr           11%        N/A       88%         6
 Iron Shot                Conj/Erth      11%        9d3       88%         6
 Summon Cactus Giant      Summ           11%        N/A       88%         6
 Enfeeble                 Hex            11%        N/A       100%        7
 Orb of Destruction       Conj           11%        9d6       100%        7
 Spellforged Servitor     Conj/Summ      11%        N/A       100%        7
 Summon Hydra             Summ           11%        N/A       100%        7
 Lehudib's Crystal Spear  Conj/Erth      11%        10d4      100%        8


Dungeon Overview and Level Annotations

Branches:
Dungeon (13/15)            Temple (1/1) D:5            Lair (5/5) D:8
 Shoals (4/4) Lair:2       Spider (4/4) Lair:2        Slime (0/5) Lair:5
    Orc (2/2) D:12            Elf (2/3) Orc:2        Bailey (visited)
  IceCv (visited)         Volcano (visited)
 Vaults: D:13-14

Shops:
D:7 ?   Orc:1 [:   Orc:2 [*[=!![   Elf:2 :   Shoals:2 ?   Shoals:3 (

Portals:
Abyss: Lair:5
Pandemonium: Orc:2
Trove: Elf:2 (give +2 shadow dragon scales)


Innate Abilities, Weirdness & Mutations

You are a lightning-filled tempest!
Your electrical attacks strike out in all directions at once.
You are incredibly evasive.
Your insubstantial body is immune to petrification, constriction, and being set on fire You are flying.
You are immune to poison.
Your armour is entirely melded.
You are incapable of wielding weapons or throwing items.
You have an increased reservoir of magic. (+10% MP)
You shall have no god before yourself.
Your divine heritage dramatically boosts your attributes as you level up.
You possess an exceptional clarity of mind.
Your mind is very acute. (Int +8, Str/Dex -2)


Message History

You blink.
Aiming: Blinkbolt
Press: ? - help, Dir - move target, f - +0 glaive of holy wrath
Aim: a +0 glaive of holy wrath (86% to hit)
The shock of your passage hits the +0 vampiric glaive.
The +0 vampiric glaive completely resists.
The shock of your passage hits the deep elf knight!!!
You kill the deep elf knight!
The shock of your passage hits the deep elf pyromancer!!!
You kill the deep elf pyromancer!
The shock of your passage hits the +3 eveningstar of distortion.
The +3 eveningstar of distortion completely resists.
The shock of your passage hits the +0 glaive of holy wrath.
The +0 glaive of holy wrath completely resists.
You blink.
The +2 vampiric glaive completely misses you.
A deep elf knight comes into view. It is wielding a +0 short sword.
The +0 glaive of holy wrath completely misses you.
The +3 eveningstar of distortion barely misses you.
The +0 vampiric glaive hits you from afar!!
The +2 vampiric glaive barely misses you.
You hit the +3 eveningstar of distortion but do no damage.
You barely miss the +2 vampiric glaive. The +0 glaive of holy wrath misses you.
The +3 eveningstar of distortion hits you!!
* * * LOW HITPOINT WARNING * * *
Space warps around you.
* * * LOW HITPOINT WARNING * * *
Your corrosive artefact corrodes you!
The +0 vampiric glaive closely misses you.
You blast the +3 eveningstar of distortion!!!
The +3 eveningstar of distortion falls from the air.
You batter the +2 vampiric glaive!!
The +2 vampiric glaive barely misses you.
The +0 glaive of holy wrath hits you from afar!
* * * LOW HITPOINT WARNING * * *
You have reached level 19!
The +2 vampiric glaive hits you from afar!
* * * LOW HITPOINT WARNING * * *
The +0 glaive of holy wrath hits you!
You die...

''#### ##...###........
#...## ##....#..........
.....###................
......#.................
.)....##.......)).......
......###.....).........
))...####.....))....e...
....#.##.......§........
.....##....§..()v(......
......##......(.........
......###...##..........
......# #..#####.......#
.....## ..# ##.....##
#...## ... ......# .#..#
#... ....... .#..# ##..
....... ##..#


You could see a deep elf knight and 3 dancing weapons.

Vanquished Creatures
  Mara (Spider:3)
  Bai Suzhen (Shoals:2)
  Saint Roka (Orc:1)
  Nikola (Spider:4)
  Arachne (Spider:3)
  Rupert (D:12)
  Jorgrun (Spider:3)
  Mlioglotl (Shoals:4)
  The ghost of Vuykkinei the Brawler, an adept TrBe of Trog (Spider:1)
  Polyphemus (Shoals:3)
  A kraken (Shoals:3)
  Gastronok (Lair:1)
  A storm dragon (Shoals:3)
  Kirke (Shoals:4)
  The ghost of greasedhog the Fencer, an adept BaCK of Xom (Spider:2)
  The ghost of Paroid the Warrior, a journeyman MeFi of Okawaru (Shoals:3)
  The ghost of gdog the Thaumaturge, an adept GnSu of Gozag (Spider:1)
  Donald (Orc:2)
  The ghost of SnakkuSnakku7 the Scorcher, an adept DsFE of Gozag (Spider:1)
  8 emperor scorpions
  4 ghost moths
  The ghost of ChongLi the Brawler, a journeyman DrTm of Wu Jian (Spider:1)
  The ghost of Paroid the Placeless Meteoran, a journeyman MeCj of Gozag (Spider:1)
  An orc warlord (Orc:1)
  A frost giant (IceCv)
  Aizul (Spider:4)
  A deep elf sorcerer (Elf:1)
  A broodmother (Lair:3)
  A deep elf annihilator (Elf:2)
  Azrael (Orc:2)
  3 spark wasps
  3 entropy weavers
  4 merfolk javelineers (Shoals:4)
  14 merfolk impalers
  A spectral kraken (Shoals:3)
  Snorg (Orc:2)
  The ghost of Ypehuijo the Spear-Bearer, a journeyman OpFi of Gozag (Lair:5)
  4 boulder beetles
  6 hydras
  2 jorogumos (Spider:1)
  An ogre mage (D:10)
  2 radroaches
  6 merfolk avatars
  Fannar (Lair:1)
  A catoblepas (Shoals:2)
  2 demonspawn (Orc:2)
  4 centaur warriors
  2 alligator snapping turtles
  5 two-headed ogres
  23 dancing weapons
  5 merfolk aquamancers
  5 satyrs
  15 death yaks
  9 orc high priests
  4 thrashing horrors (Lair:5)
  13 deep elf knights
  Nergalle (Lair:1)
  6 skeletal warriors (D:13)
  15 sea snakes
  7 steelbarb worms
  A swamp dragon (shapeshifter) (Lair:5)
  3 orb spiders
  Pikel (D:7)
  11 deep elf archers
  6 orc knights
  5 spectral wolf spiders (Spider:4)
  29 deep elf zephyrmancers
  19 wolf spiders
  28 deep elf pyromancers
  4 wolf spider zombies (Spider:4)
  2 ugly things
  19 harpies
  10 orc sorcerers
  4 cyclopes
  22 fauns
  17 manticores
  An oklob plant (Lair:3)
  Maurice (Orc:2)
  A moth of wrath (Spider:4)
  10 elephants
  6 merfolk sirens
  12 water nymphs
  An ice statue (IceCv)
  3 centaur zombies (D:13)
  A gargoyle (D:12)
  7 black mambas
  A rust devil (Orc:2)
  3 cane toads
  5 smoke demons (Lair:5)
  2 unseen horrors
  2 torpor snails (Spider:2)
  Maggie (D:6)
  7 komodo dragons
  11 rime drakes
  A kobold demonologist (D:13)
  3 efreet
  A spectral sea snake (Shoals:3)
  3 demonic crawlers
  2 ice devils (D:13)
  An ancient zyme (Lair:5)
  7 polar bears
  A queen bee (shapeshifter) (Lair:5)
  30 merfolk
  10 trolls
  12 wind drakes
  5 wolf spider simulacra (Spider:4)
  19 tarantellas
  A hornet (D:10)
  14 dream sheep
  27 blink frogs
  8 snapping turtles
  3 slime creatures (D:13)
  18 jumping spiders
  A jumping spider (shapeshifter) (Elf:2)
  10 culicivoras
  A spriggan (Lair:3)
  6 air elementals
  7 shadows
  A vampire (D:11)
  22 water elementals
  A ynoxinul (Lair:5)
  A human (Shoals:4)
  A wyvern (D:10)
  3 wraiths
  91 yaks
  Grum (D:8)
  5 basilisks
  4 fire elementals
  46 redbacks
  A chaos spawn (Orc:2)
  A neqoxec (Orc:2)
  4 hogs (Shoals:4)
  3 vampire mosquitoes (D:13)
  2 large abominations (Lair:5)
  4 wargs
  Edmund (D:5)
  5 hell hounds (Orc:2)
  16 water moccasins
  Duvessa (D:6)
  2 acid dragons
  6 small abominations (Lair:5)
  2 ice beasts
  39 orc warriors
  2 sky beasts (D:7)
  3 spectral snapping turtles (Shoals:3)
  9 ogres
  3 black bears
  38 wolves
  3 centaurs
  A phantom (D:5)
  4 kobold brigands
  Blork the orc (D:6)
  A gnoll sergeant (D:9)
  A necrophage (D:5)
  10 bullfrogs
  4 earth elementals
  6 scorpions
  A wight (D:10)
  Dowan (D:6)
  5 electric eels
  4 howler monkeys
  A jelly (D:6)
  27 orc priests
  4 hounds
  4 iguanas
  A boggart zombie (D:13)
  13 orc wizards
  2 hell rats (Lair:1)
  2 centaur simulacra (D:10)
  Robin (D:2)
  18 gnolls
  7 adders
  6 river rats (Lair:1)
  A white imp (D:8)
  An ufetubus (D:4)
  3 worms
  6 dart slugs
  80 orcs
  3 bats
  6 endoplasms
  5 giant cockroaches
  16 goblins
  4 hobgoblins
  45 kobolds
  7 quokkas
  8 ball pythons
  5 frilled lizards
  7 rats
  2 tentacles (Shoals:3)
1298 creatures vanquished.

Vanquished Creatures (others)
  A steelbarb worm (Spider:4)
  A deep elf zephyrmancer (Elf:2)
  A human (Shoals:4)
  An orc (Orc:2)
  28 fungi
  139 plants
  5 tentacles (Shoals:3)
  A withered plant (D:13)
177 creatures vanquished.

Grand Total: 1475 creatures vanquished

Notes
Turn   | Place    | Note
-------+----------+-------------------------------------------
     0 | D:1      | avis the Demigod Transmuter began the quest for the Orb.
     0 | D:1      | Reached XP level 1. HP: 15/15 MP: 5/5
     6 | D:1      | Reached skill level 1 in Fighting
   147 | D:1      | Reached skill level 3 in Unarmed Combat
   213 | D:1      | Reached XP level 2. HP: 22/23 MP: 5/7
  1304 | D:2      | Noticed Robin
  1307 | D:2      | Reached XP level 3. HP: 28/29 MP: 6/8
  1321 | D:1      | Learned a level 3 spell: Spider Form
  1926 | D:2      | Killed Robin
  2292 | D:2      | Reached XP level 4. HP: 36/36 MP: 5/9
  2570 | D:2      | Reached skill level 4 in Unarmed Combat
  3033 | D:3      | Noticed an ogre
  3041 | D:3      | Killed an ogre
  3042 | D:3      | Reached skill level 1 in Poison Magic
  3042 | D:3      | Reached XP level 5. HP: 20/42 MP: 5/10
  4188 | D:4      | Learned a level 4 spell: Ice Form
  4255 | D:4      | Identified the +0 robe of the Poles {+Inv rF- rN+ Int+7}
  4316 | D:4      | Noticed an ice beast
  4355 | D:4      | Killed an ice beast
  4356 | D:4      | Reached XP level 6. HP: 51/51 MP: 9/11
  4732 | D:5      | Entered Level 5 of the Dungeon
  4821 | D:5      | Noticed Edmund
  4838 | D:5      | Killed Edmund
  4839 | D:5      | Reached skill level 5 in Unarmed Combat
  5010 | D:5      | Reached XP level 7. HP: 57/57 MP: 9/13
  5126 | D:5      | Found a staircase to the Ecumenical Temple.
  5198 | D:5      | Reached skill level 6 in Unarmed Combat
  5659 | D:6      | Reached skill level 5 in Transmutations
  5836 | Temple   | Entered the Ecumenical Temple
  5909 | D:6      | Learned a level 2 spell: Wereblood
  5912 | D:6      | Learned a level 2 spell: Passwall
  5998 | D:6      | Noticed Duvessa
  5998 | D:6      | Noticed Dowan
  6018 | D:6      | Killed Duvessa
  6019 | D:6      | Reached skill level 1 in Ice Magic
  6019 | D:6      | Reached XP level 8. HP: 19/66 MP: 13/15
  6026 | D:6      | Killed Dowan
  6188 | D:6      | Noticed a two-headed ogre
  6239 | D:6      | Killed a two-headed ogre
  6240 | D:6      | Reached skill level 7 in Unarmed Combat
  7070 | D:6      | Noticed Maggie
  7086 | D:6      | Killed Maggie
  7087 | D:6      | Reached XP level 9. HP: 49/71 MP: 14/16
  7269 | D:6      | Reached skill level 8 in Unarmed Combat
  7476 | D:6      | Noticed Blork the orc
  7496 | D:6      | Killed Blork the orc
  7718 | D:6      | Reached skill level 5 in Dodging
  8075 | D:7      | Noticed Pikel
  8085 | D:7      | Found a flagged portal.
  8097 | D:7      | Noticed a manticore
  8107 | D:7      | Killed Pikel
  8108 | D:7      | Reached skill level 9 in Unarmed Combat
  8111 | D:7      | Killed a manticore
  8136 | Bailey   | Entered a bailey
  8720 | Bailey   | Noticed an orc knight
  8754 | Bailey   | Killed an orc knight
  8761 | Bailey   | HP: 2/71 [gnoll/+2 halberd of electrocution (14)]
  9167 | D:7      | Reached skill level 10 in Unarmed Combat
  9217 | D:7      | Found Cipahej's Magic Scroll Shop.
  9337 | D:7      | Reached XP level 10. HP: 47/78 MP: 15/19
 10020 | D:7      | Learned a level 5 spell: Blade Hands
 10042 | D:8      | Noticed Grum
 10057 | D:8      | Killed Grum
 10636 | D:8      | Found a staircase to the Lair.
 10819 | Lair:1   | Entered Level 1 of the Lair of Beasts
 10884 | Lair:1   | You fall into a shaft and drop 1 floor!
 10897 | Lair:2   | Found a dark tunnel.
 10905 | Volcano  | Entered a volcano
 10934 | Volcano  | HP: 2/78 [earth elemental (20)]
 11182 | Lair:2   | Reached skill level 5 in Fighting
 11273 | Lair:2   | Found a hole to the Spider Nest.
 11416 | Lair:2   | Noticed a five-headed hydra
 11426 | Lair:2   | Killed a five-headed hydra
 11427 | Lair:2   | Reached skill level 11 in Unarmed Combat
 11751 | Lair:1   | Noticed Gastronok
 11774 | Lair:1   | Killed Gastronok
 11775 | Lair:1   | Reached XP level 11. HP: 76/89 MP: 16/20
 11855 | Lair:1   | Reached skill level 12 in Unarmed Combat
 12387 | Lair:1   | Noticed Fannar
 12399 | Lair:1   | Killed Fannar
 12556 | Lair:1   | Noticed Nergalle
 12579 | Lair:1   | Killed Nergalle
 13469 | Lair:2   | Reached skill level 13 in Unarmed Combat
 13616 | Lair:2   | Noticed a four-headed hydra
 13626 | Lair:2   | Killed a four-headed hydra
 14152 | Lair:2   | Found a staircase to the Shoals.
 14686 | Lair:3   | Reached XP level 12. HP: 45/101 MP: 19/21
 14937 | Lair:3   | Reached skill level 14 in Unarmed Combat
 14937 | Lair:3   | Reached skill level 1 in Armour
 15423 | Lair:3   | Noticed a five-headed hydra
 15433 | Lair:3   | Killed a five-headed hydra
 15434 | Lair:3   | Reached skill level 5 in Armour
 16857 | Lair:4   | Reached skill level 15 in Unarmed Combat
 17392 | Lair:4   | Reached XP level 13. HP: 88/111 MP: 8/22
 17929 | Lair:5   | Entered Level 5 of the Lair of Beasts
 17929 | Lair:5   | Found a staircase to the Slime Pits.
 18012 | Lair:5   | Reached skill level 10 in Fighting
 18275 | Lair:5   | Found a runed translucent gate.
 18275 | Lair:5   | Found a runed translucent gate.
 18276 | Lair:5   | Found a runed translucent gate.
 18278 | Lair:5   | Noticed Ypehuijo's ghost (journeyman OpFi)
 20341 | Lair:5   | Identified the +11 quarterstaff of Ocoym {drain, rF++ rC+
                  | Str+3 Dex-3}
 20403 | Lair:5   | Reached skill level 16 in Unarmed Combat
 20714 | Lair:5   | Found a one-way gate to the infinite horrors of the Abyss.
 21118 | Lair:5   | Killed Ypehuijo's ghost
 21626 | D:9      | Reached XP level 14. HP: 104/126 MP: 24/24
 22600 | D:10     | Entered Level 10 of the Dungeon
 23191 | D:10     | Got the Parchment of Frore Wanderlust
 23222 | D:10     | Identified the +1 ring mail of Uskayaw {MP+9 Str+2}
 24067 | D:11     | Reached skill level 17 in Unarmed Combat
 24551 | D:12     | Noticed Rupert
 24563 | D:12     | Killed Rupert
 24704 | D:12     | Identified the +5 quarterstaff of Ancient Evil {venom,
                  | rElec SInv}
 25256 | D:12     | Found a staircase to the Orcish Mines.
 25373 | Orc:1    | Entered Level 1 of the Orcish Mines
 25490 | Orc:1    | Found Kiphein's Book Emporium.
 25505 | Orc:1    | Bought an Inescapable Atlas for 442 gold pieces
 25640 | D:7      | Bought a scroll of acquirement for 676 gold pieces
 25640 | D:7      | Bought 3 scrolls of identify for 78 gold pieces
 25640 | D:7      | Bought a scroll of identify for 26 gold pieces
 25641 | D:7      | Acquired the +1 pair of gloves "Emycritu" {rC+ Int+3}
 26125 | Orc:1    | Found Xurch's Antique Armour Boutique.
 26615 | Spider:1 | Entered Level 1 of the Spider Nest
 26631 | Spider:1 | Noticed a broodmother
 26632 | Spider:1 | Noticed an emperor scorpion
 26648 | Lair:2   | Reached skill level 10 in Dodging
 26976 | Lair:3   | Killed a broodmother
 26983 | Lair:3   | Killed an emperor scorpion
 27095 | Spider:1 | Reached skill level 5 in Spellcasting
 27160 | Spider:1 | Learned a level 7 spell: Storm Form
 27376 | Spider:1 | Killed a ghost moth
 27731 | Spider:1 | Found a runed translucent gate.
 27731 | Spider:1 | Found a runed translucent gate.
 27732 | Spider:1 | Found a runed translucent gate.
 27733 | Spider:1 | Noticed ChongLi's ghost (journeyman DrTm)
 27734 | Spider:1 | Noticed Vuykkinei's ghost (adept TrBe)
 27734 | Spider:1 | Noticed gdog's ghost (adept GnSu)
 27734 | Spider:1 | Noticed SnakkuSnakku7's ghost (adept DsFE)
 27734 | Spider:1 | Noticed Paroid's ghost (journeyman MeCj)
 27734 | Spider:1 | Found the +9 staff of Wucad Mu {*channel}
 28103 | Spider:1 | Killed gdog's ghost
 28123 | Spider:1 | Killed ChongLi's ghost
 28139 | Spider:1 | Killed Vuykkinei's ghost
 28140 | Spider:1 | Reached XP level 15. HP: 57/132 MP: 26/30
 28144 | Spider:1 | Killed SnakkuSnakku7's ghost
 28152 | Spider:1 | Killed Paroid's ghost
 28163 | Spider:1 | Identified the +1 falchion "Xiseaxt" {vorpal, rElec rCorr}
 28225 | Spider:1 | Learned a level 5 spell: Manifold Assault
 28473 | Orc:2    | Entered Level 2 of the Orcish Mines
 28475 | Orc:2    | Noticed Maurice
 28487 | Orc:2    | Killed Maurice
 28498 | Orc:1    | Reached skill level 1 in Air Magic
 28810 | Orc:2    | Noticed Snorg
 28817 | Orc:2    | Killed Snorg
 28957 | Orc:2    | Found Oxix's Armour Boutique.
 29059 | Orc:2    | Found Quhimol's Assorted Antiques.
 29076 | Orc:2    | Found Yxtun's Armour Shop.
 29107 | Orc:2    | Found a staircase to the Elven Halls.
 29234 | Orc:2    | Noticed Donald
 29246 | Orc:2    | Killed Donald
 29261 | Orc:2    | Noticed Azrael
 29261 | Orc:2    | Noticed Saint Roka
 29364 | Orc:2    | Killed Azrael
 29512 | Orc:1    | Killed Saint Roka
 29809 | Orc:2    | Found Kedinepuuf's Distillery.
 29810 | Orc:2    | Found Yliruc's Distillery.
 29812 | Orc:2    | Reached skill level 1 in Translocations
 29922 | Orc:2    | Gained mutation: You have hidden genetic defects. [a
                  | neqoxec]
 29945 | Orc:2    | Reached skill level 5 in Air Magic
 30114 | Orc:2    | Found Deehuisk's Antique Armour Shop.
 30114 | Orc:2    | Found a one-way gate leading to the halls of Pandemonium.
 30114 | Orc:2    | Found Caqeros's Jewellery Boutique.
 30798 | D:13     | Found a frozen archway.
 30812 | IceCv    | Entered an ice cave
 30857 | IceCv    | Gained mutation: You occasionally lose the ability to drink
                  | potions when taking damage. [hidden defects]
 30960 | IceCv    | Gained mutation: You are occasionally teleported next to
                  | monsters. [mutagenic glow]
 31953 | D:13     | Reached skill level 5 in Translocations
 32291 | D:13     | Gained mutation: You occasionally lose the ability to read
                  | scrolls when taking damage. [hidden defects]
 32291 | D:13     | Lost mutation: You have hidden genetic defects. [hidden
                  | defects expressed]
 32491 | D:13     | Reached XP level 16. HP: 71/139 MP: 28/32
 33024 | Lair:1   | Upgraded the game from 0.29.0-13-gc9e81de378 to
                  | 0.29.0-15-g675c0067aa
 33287 | Orc:2    | Bought the ring of Onual {rPois Int+5 Dex+6} for 751 gold
                  | pieces
 33616 | Shoals:1 | Entered Level 1 of the Shoals
 33616 | Shoals:1 | You fall into a shaft and drop 1 floor!
 33987 | Shoals:2 | Reached skill level 10 in Transmutations
 34404 | Shoals:2 | Identified the +6 quarterstaff "Xuseat" {elec, Will+}
 34430 | Shoals:2 | Found Nyro's Magic Scroll Shop.
 34454 | Shoals:2 | Bought a scroll of amnesia for 76 gold pieces
 34454 | Shoals:2 | Bought a scroll of fear for 76 gold pieces
 34454 | Shoals:2 | Bought a scroll of fog for 76 gold pieces
 35040 | Shoals:1 | Gained mutation: You are dopey. (Int -2) [mutagenic glow]
 35648 | Lair:1   | Lost mutation: You are occasionally teleported next to
                  | monsters. [potion of mutation]
 35648 | Lair:1   | Lost mutation: You are dopey. (Int -2) [potion of mutation]
 35648 | Lair:1   | Lost mutation: You occasionally lose the ability to drink
                  | potions when taking damage. [potion of mutation]
 35648 | Lair:1   | Gained mutation: Your mind is acute. (Int +4, Str/Dex -1)
                  | [potion of mutation]
 35648 | Lair:1   | Gained mutation: You are weak. (Str -2) [potion of
                  | mutation]
 35649 | Lair:1   | Lost mutation: You are weak. (Str -2) [potion of mutation]
 35649 | Lair:1   | Lost mutation: You occasionally lose the ability to read
                  | scrolls when taking damage. [potion of mutation]
 35649 | Lair:1   | Gained mutation: Your mind is very acute. (Int +8, Str/Dex
                  | -2) [potion of mutation]
 35649 | Lair:1   | Gained mutation: You possess an exceptional clarity of
                  | mind. [potion of mutation]
 35658 | Lair:1   | Acquired the ring "Qamong" {*Corrode rF+ rN+ Int+5 Slay+4}
 35876 | Spider:2 | Found a runed translucent door.
 35878 | Spider:2 | Noticed greasedhog's ghost (adept BaCK)
 36622 | Spider:2 | Acquired 614 gold pieces
 36847 | Spider:2 | Identified the +2 long sword of Aphihiva {vorpal, Dex+7}
 36926 | Spider:2 | Killed greasedhog's ghost
 37383 | Lair:1   | Upgraded the game from 0.29.0-15-g675c0067aa to 0.29.1
 37820 | Spider:3 | Noticed Jorgrun
 37831 | Spider:3 | Killed Jorgrun
 37923 | Spider:3 | Noticed Mara
 37934 | Spider:3 | Reached skill level 10 in Air Magic
 37938 | Spider:3 | Noticed avis's illusion
 37957 | Spider:3 | Noticed avis's illusion
 37958 | Spider:3 | Killed Mara
 37959 | Spider:3 | Reached skill level 1 in Evocations
 38516 | Spider:3 | Noticed Arachne
 38534 | Spider:3 | Killed Arachne
 39684 | Shoals:3 | Noticed Bai Suzhen
 39700 | Shoals:2 | Killed Bai Suzhen
 39701 | Shoals:2 | Reached XP level 17. HP: 125/146 MP: 34/34
 39871 | Shoals:3 | Noticed Polyphemus
 39917 | Shoals:3 | Killed Polyphemus
 39945 | Shoals:3 | HP: 1/146 [satyr/arrow (25)]
 39951 | Shoals:3 | Found Enaitohu's Antique Weapon Shop.
 40139 | Shoals:3 | Found a transporter.
 40141 | Shoals:3 | Found a transporter.
 40142 | Shoals:3 | Noticed Paroid's ghost (journeyman MeFi)
 40354 | Shoals:3 | Identified the +5 pair of boots "Xuov" {Regen+ Int+2}
 41220 | Spider:4 | Entered Level 4 of the Spider Nest
 41222 | Spider:4 | Noticed Nikola
 41341 | Spider:4 | Killed Nikola
 41494 | Spider:4 | Noticed Aizul
 41527 | Spider:4 | Killed Aizul
 42521 | Spider:4 | Got a gossamer rune of Zot
 42961 | Shoals:4 | Entered Level 4 of the Shoals
 42981 | Shoals:4 | Paralysed by an air elemental for 1 turns
 42993 | Shoals:4 | Reached skill level 5 in Evocations
 43239 | Shoals:4 | Noticed Kirke
 43249 | Shoals:4 | Killed Kirke
 43375 | Shoals:4 | Reached skill level 10 in Spellcasting
 43375 | Shoals:4 | Reached skill level 10 in Translocations
 43375 | Shoals:4 | Reached XP level 18. HP: 154/154 MP: 31/37
 43434 | Shoals:4 | Noticed Mlioglotl
 43524 | Shoals:4 | Killed Mlioglotl
 44129 | Shoals:4 | Got a barnacled rune of Zot
 44174 | Shoals:4 | Identified the +6 plate armour of Xom's Supremacy {rF+ rC+
                  | Dex+4}
 44635 | Shoals:3 | Killed Paroid's ghost
 44636 | Shoals:3 | Reached skill level 18 in Unarmed Combat
 44683 | Shoals:3 | Identified the ring of Yvesogaq {Will+ rCorr EV+4 Str+2
                  | Dex+5}
 45069 | Elf:1    | Entered Level 1 of the Elven Halls
 45400 | Elf:1    | Paralysed by an air elemental for 1 turns
 45665 | Elf:1    | Reached skill level 19 in Unarmed Combat
 46088 | Elf:2    | Got the Handbook of the Salvo
 46111 | Elf:2    | Found a portal to a secret trove of treasure.
 46157 | Elf:2    | Found Zosmuji's Book Boutique.
 46236 | Elf:2    | Found a huge runed translucent gate.
 46236 | Elf:2    | Found a huge runed translucent gate.
 46236 | Elf:2    | Found a huge runed translucent gate.
 46246 | Elf:2    | Found a huge runed translucent gate.
 46248 | Elf:2    | Found a huge runed translucent gate.
 46333 | Elf:2    | Reached skill level 20 in Unarmed Combat
 46514 | Elf:2    | Reached XP level 19. HP: 14/160 MP: 38/38
 46514 | Elf:2    | HP: 8/160 [+2 vampiric glaive (7)]
 46514 | Elf:2    | Mangled by a +0 glaive of holy wrath

Illustrated notes

Levels and vault maps discovered:
D:1:      minmay_arrival_radiant_lines, layout_basic,
          hellmonk_ecumenical_altar_blasted, chequers_serial_rivers_small_b
D:2:      layout_loops_ring, basic_altar, uniq_robin
D:3:      layout_loops_ring, roderic_lattice_a
D:4:      layout_basic, mainiacjoe_overflow_brackets,
          mainiacjoe_overflow_cross_hatched
D:5:      layout_rooms, minmay_temple_entry_ruins, item_on_display_a,
          uniq_edmund
D:6:      layout_loops_corners, kennysheep_little_box, elyvilon_altar_5,
          minivault_23, hangedman_decor_clover_reticule, minmay_misc_feat_five,
          hangedman_minor_gate_pass, uniq_blork_the_orc, uniq_maggie,
          uniq_duvessa
D:7:      layout_loops_ring, serial_shops, nicolae_shop_statue_plus,
          enter_bailey_5, serial_bayou_ford_a, uniq_pikel
D:8:      layout_cave_pools, nicolae_dithmenos_through_a_glass_darkly,
          lair_entry_dummy, serial_column_ruins, column_ruins_hut_pillars,
          column_ruins_columns_straight, column_ruins_open_tiny,
          column_ruins_corridor_water, uniq_grum
D:9:      kennysheep_kobold_camp, layout_basic, hangedman_ru_absence
D:10:     minmay_the_grid_plus [minmay_the_grid_outer_diamond,
          minmay_the_grid_stretched_grid, minmay_the_grid_plusring,
          minmay_the_grid_spikes, minmay_the_grid_prize_trominoes],
          layout_irregular_city
D:11:     layout_cave_pools
D:12:     layout_loops_ring, orc_0_dummy, uniq_rupert
D:13:     layout_loops_corners, serial_undead, serial_undead_f, serial_undead_a,
          serial_undead_a, serial_undead_b, portal_ice_cave_demonic_guard,
          minivault_19, drop_trap, kiku_gazebo_pond_becter
Temple:   compressed_dpeg_triangle_lava_temple
Lair:1:   layout_loops_ring, chequers_serial_rivers_large_b, minivault_27,
          kennysheep_rathole, uniq_nergalle, uniq_gastronok, uniq_fannar
Lair:2:   layout_gridlike, elwin_shoals_entry_rooms, spider_nest_entry_rubble,
          nicolae_volcano_entry_lava_flow
Lair:3:   layout_regular_city, forest_entry_grove, grunt_megastairs_2
Lair:4:   layout_hall_layers
Lair:5:   hellmonk_lair_end_abyssal_woods, layout_regular_city, slime_entry_1,
          gauntlet_entry_generic, ebering_ghost_rock_garden,
          serial_bayou_shore_a
Shoals:1: layout_shoals
Shoals:2: layout_shoals, serial_shops, nicolae_shop_behind_doors
Shoals:3: layout_shoals, ebering_ghost_davey_jones, serial_shops,
          shop_fountains, nicolae_shoals_loop_pool, uniq_polyphemus,
          uniq_bai_suzhen
Shoals:4: shoals_end_hellmonk_storm_palace [storm_palace_center_square,
          storm_palace_corner_altar, storm_palace_corner_grid,
          storm_palace_corner_blocked, storm_palace_corner_pillars],
          serial_shops, uniq_mlioglotl, uniq_kirke
Spider:1: layout_spider_delve, gammafunk_ghost_cemetery
Spider:2: layout_spider_delve, ebering_ghost_reflecting_pool
Spider:3: layout_spider_delve, uniq_jorgrun, uniq_mara, uniq_arachne
Spider:4: grunt_spider_rune_circles, nicolae_spider_undead_wolf_pack,
          uniq_aizul, uniq_nikola
Orc:1:    layout_caves, serial_shops, nicolae_shop_waterfront,
          nicolae_square_shop, bh_open_orc_temple
Orc:2:    pf_orc_diabolical, layout_caves, serial_shops,
          nicolae_shop_statue_plus, nicolae_shop_crystal, shop, uniq_urug,
          uniq_maurice, uniq_saint_roka, uniq_donald, uniq_azrael, uniq_snorg
Elf:1:    eino_elf_arrival_customs, layout_geoelf_octagon, serial_corexii_hall,
          chequers_hall_statues_wall_a, corexii_hall_statues_i,
          hangedman_elven_crosses_minicolossus
Elf:2:    elven_hall_of_blades_hangedman_alternative
          [mumra_blade_entry_bloodbath], layout_gridlike, enter_trove_1,
          serial_shops, shop, minmay_elf_annihilation

Skill      XL: |  1  2  3  4  5  6  7  8  9 10 11 12 13 14 15 16 17 18 |
---------------+-------------------------------------------------------+-----
Fighting       | 1 2 3 4 6 8 9 12 | 12.0
Unarmed Combat | 3 4 5 6 7 10 11 13 15 16 17 20 | 20.2
Dodging        | 2 3 4 5 6 7 10 | 10.0
Spellcasting   | 2 3 4 7 8 10 | 10.0
Transmutations | 2 3 4 5 6 8 9 11 12 | 12.0
Poison Magic   | 1 |  1.0
Ice Magic      | 1 2 |  2.0
Armour         | 5 |  5.0
Air Magic      | 7 10 12 | 12.0
Translocations | 5 7 10 | 10.0
Evocations     | 1 5 |  5.0

Action                   |  1- 3 |  4- 6 |  7- 9 | 10-12 | 13-15 | 16-18 | 19-21 || total
-------------------------+-------+-------+-------+-------+-------+-------+-------++-------
Melee: Unarmed           |   115 |   123 |   269 |   477 |  1124 |   983 |       ||  3091
       Kick              |    22 |    12 |     2 |       |       |       |       ||    36
       Headbutt          |     7 |     4 |     4 |       |       |       |       ||    15
       Punch             |       |     1 |     1 |    31 |   127 |   122 |       ||   282
 Fire: Sling             |       |       |       |     6 |       |       |       ||     6
 Cast: Beastly Appendage |    26 |    19 |     3 |       |       |       |       ||    48
       Spider Form       |     7 |    14 |    35 |     5 |       |       |       ||    61
       Ice Form          |       |       |     2 |     4 |     4 |       |       ||    10
       Blade Hands       |       |       |       |    54 |   113 |    11 |       ||   178
       Wereblood         |       |       |       |       |     1 |       |       ||     1
       Manifold Assault  |       |       |       |       |    10 |    47 |       ||    57
       Storm Form        |       |       |       |       |     6 |    81 |       ||    87
 Abil: End Transformatio |       |       |       |       |     1 |     7 |       ||     8
       Blinkbolt         |       |       |       |       |       |    20 |       ||    20
Evoke: Wand              |       |       |       |       |       |     8 |       ||     8
  Use: Scroll            |       |       |     8 |    16 |     9 |     5 |       ||    38
       Potion            |       |       |     3 |     4 |     6 |    16 |       ||    29
 Stab: Sleeping          |     1 |     2 |     8 |     3 |       |     5 |       ||    19
       Invisible         |       |       |       |     2 |       |       |       ||     2
Armor: Robe              |     6 |       |     1 |       |       |       |       ||     7
       Animal skin       |     6 |    14 |       |       |       |       |       ||    20
       Skin              |     2 |     4 |    21 |    15 |    14 |   214 |       ||   270
       Acid dragon scale |       |       |     7 |    95 |   314 |    60 |       ||   476
Dodge: Dodged            |    87 |    62 |   231 |   250 |   630 |  1132 |       ||  2392
Block: Other             |       |     8 |    44 |   104 |    51 |       |       ||   207
       Reflection        |       |       |     3 |       |       |       |       ||     3
